 Dungeon Crawl Stone Soup version 0.30-b1-2-g02819fbbbe (webtiles) character file.

Game seed: 16010782267500594881

567 diana the Insei (level 6, 0/52 HPs)
             Began as a Demigod Transmuter on Aug 30, 2023.
             Slain by a scorpion (4 damage)
             ... on level 4 of the Dungeon.
             The game lasted 00:07:41 (3596 turns).

diana the Insei (Demigod Transmuter)                Turns: 3596, Time: 00:07:42

Health: 0/52       AC:  3    Str: 11    XL:     6   Next: 85%
Magic:  11/11      EV: 13    Int: 23    God:
Gold:   278        SH:  0    Dex: 14    Spells: 7/8 levels left

rFire   . .          .
                       - Unarmed
rCold   . . .        (no shield)
rNeg    . . .        a - +0 robe
rPois   .            h - melded +0 helmet
rElec   .            e - +0 cloak
rCorr   .            (no gloves)
SInv    .            (boots currently unavailable)
Will    .....        (no amulet)
Stlth   +            (no ring)
HPRegen 0.28/turn    (no ring)
MPRegen 0.12/turn

%: no passive effects
@: mighty, lethally poisoned (0 -> -8), appendages
A: horns 2, talons 2, high MP 1, forlorn, divine attributes
a: End Transformation


You were on level 4 of the Dungeon.
You had temporarily grown beastly horns and talons.
You visited 1 branch of the dungeon, and saw 4 of its levels.

You collected 278 gold pieces.

Inventory:

Armour
 a - a +0 robe (worn)
 e - a +0 cloak (worn)
 h - a +0 helmet (melded)
Jewellery
 g - a ring of ice
 n - an amulet of regeneration
 t - a ring of fire
Scrolls
 c - 4 scrolls of identify {unknown}
 d - 2 scrolls of enchant armour {unknown}
 j - 3 scrolls of teleportation {unknown}
 m - a scroll of torment {unknown}
 p - a scroll of noise {unknown}
 q - a scroll of acquirement {unknown}
 u - a scroll of magic mapping {unknown}
Potions
 b - a potion of berserk rage {unknown}
 f - a potion of ambrosia {unknown}
 i - a potion of degeneration {unknown}
 k - a potion of might
 l - a potion of resistance {unknown}
 o - 2 potions of magic {unknown}
 r - a potion of brilliance {unknown}
 s - 2 potions of curing {unknown}
 v - a potion of mutation {unknown}


   Skills:
 + Level 3.9 Fighting
 + Level 4.2 Dodging
 + Level 4.8 Unarmed Combat
 - Level 1.7 Spellcasting
 - Level 1.7 Transmutations


You had 7 spell levels left.
You knew the following spells:

 Your Spells              Type           Power      Damage    Failure   Level
a - Beastly Appendage     Tmut           20%        N/A       6%          1

Your spell library contained the following spells:

 Spells                   Type           Power      Damage    Failure   Level
 Wereblood                Tmut           10%        N/A       10%         2
 Foxfire                  Conj/Fire      8%         2x1d4     13%         1
 Kiss of Death            Conj/Necr      8%         2d6       13%         1
 Slow                     Hex            8%         N/A       13%         1
 Sublimation of Blood     Necr           2%         N/A       21%         2
 Spider Form              Tmut/Pois      6%         N/A       28%         3
 Confusing Touch          Hex            2%         N/A       36%         3
 Inner Flame              Hex/Fire       2%         N/A       36%         3
 Vampiric Draining        Necr           2%         2d6       36%         3
 Ice Form                 Ice/Tmut       6%         N/A       67%         4
 Dispel Undead            Necr           2%         3d7       78%         4
 Yara's Violent Unravell  Hex/Tmut       3%         3d4       95%         5
 Fireball                 Conj/Fire      1%         3d3       98%         5
 Plasma Beam              Fire/Air       1%         2x1d12    100%        6
 Starburst                Conj/Fire      1%         6d3       100%        6
 Enfeeble                 Hex            1%         N/A       100%        7
 Summon Hydra             Summ           1%         N/A       100%        7


Dungeon Overview and Level Annotations

Branches:
Dungeon (4/15)
 Temple: D:4-7

Shops:
D:2 (

Annotations:
D:4 1 runed translucent door


Innate Abilities, Weirdness & Mutations

You have temporarily grown beastly horns and talons.
You have an increased reservoir of magic. (+10% MP)
You shall have no god before yourself.
Your divine heritage dramatically boosts your attributes as you level up.


Message History

You hit the scorpion.
You headbutt the scorpion, but do no damage.
The scorpion is almost dead.
You feel very sick.
The scorpion stings you but does no damage.
The hobgoblin hits you.
You are too injured to fight recklessly!
You are too injured to fight recklessly!
You hit the scorpion but do no damage. Your kick misses the scorpion.
The scorpion is almost dead.
You feel sick. The scorpion barely misses you. The hobgoblin barely misses you.
You barely miss the scorpion.
You claw the scorpion, but do no damage.
The scorpion is almost dead.
You feel sick.
The scorpion stings you but does no damage.
The hobgoblin barely misses you.
You barely miss the scorpion. Your kick misses the scorpion.
The scorpion is almost dead.
You feel sick. The scorpion stings you.
You are lethally poisoned!
The scorpion poisons you!
You hit the scorpion but do no damage.
The scorpion is severely wounded.
* * * LOW HITPOINT WARNING * * *
You feel very sick. The hobgoblin barely misses you.
The scorpion barely misses you.
You hit the scorpion.
The scorpion is almost dead.
* * * LOW HITPOINT WARNING * * *
You feel very sick. The scorpion stings you.
* * * LOW HITPOINT WARNING * * *
The hobgoblin closely misses you.
It was a potion of might.
You feel very mighty all of a sudden.
* * * LOW HITPOINT WARNING * * *
You feel very sick. The scorpion stings you.
You die...

........# .#...##.#
........##. .#...#####.
## ....## #.###### .#
.#### ###.....##.# .#
##..........# .##
#..)..##....# ..#
##.....##.@g.## ..#
#..≈≈......s..#
..#####..≈≈.....♣♣..#
......#......_..♣ .....
......#....§........#..#
......#...≈≈.(......# .#
......##.§§§§.##.[.#. #
..######......##...#..
<.................##


You could see a scorpion and a hobgoblin.

Vanquished Creatures
  An ice beast (D:3)
  A howler monkey (D:4)
  2 hounds (D:4)
  3 orc priests (D:3)
  An iguana (D:4)
  4 orc wizards
  8 adders
  2 ufetubi
  3 worms
  2 dart slugs
  14 orcs
  7 endoplasms
  A giant cockroach (D:4)
  6 goblins
  5 hobgoblins
  4 ball pythons
  A bat (D:3)
  A frilled lizard (D:2)
  7 kobolds
  5 rats
78 creatures vanquished.

Vanquished Creatures (others)
  5 toadstools (D:1)
5 creatures vanquished.

Grand Total: 83 creatures vanquished

Notes
Turn   | Place    | Note
-------+----------+-------------------------------------------
     0 | D:1      | diana the Demigod Transmuter began the quest for the Orb.
     0 | D:1      | Reached XP level 1. HP: 15/15 MP: 5/5
   336 | D:1      | Reached skill level 1 in Fighting
   660 | D:2      | Reached XP level 2. HP: 23/23 MP: 7/7
   830 | D:2      | Reached XP level 3. HP: 27/29 MP: 8/8
  1145 | D:2      | Found Ziomucio's Antique Weapon Emporium.
  1701 | D:3      | Reached XP level 4. HP: 25/36 MP: 9/9
  2114 | D:3      | Noticed an ice beast
  2130 | D:3      | Killed an ice beast
  2131 | D:3      | Reached XP level 5. HP: 31/45 MP: 10/10
  2791 | D:3      | Reached XP level 6. HP: 40/51 MP: 11/11
  2918 | D:4      | Found a runed translucent door.
  3596 | D:4      | Slain by a scorpion

Illustrated notes

Levels and vault maps discovered:
D:1:      ldierk_walled_garden, layout_loops_ring
D:2:      kennysheep_six_static_rooms, layout_basic, serial_shops, shop,
          basic_altar, mrwooster_statue_mirror
D:3:      layout_loops_ring, lemuel_round_altar
D:4:      layout_loops_cross, nicolae_wu_jian_wuxing_cycle,
          ebering_ghost_sewer_d, minmay_mini_jars

Skill      XL: |  1  2  3  4  5  6 |
---------------+-------------------+-----
Fighting       | 1 2 3 |  3.9
Dodging        | 2 3 4 |  4.2
Unarmed Combat | 3 4 |  4.8
Spellcasting   | |  1.7
Transmutations | |  1.7

Action                     |  1- 3 |  4- 6 || total
---------------------------+-------+-------++-------
  Melee: Unarmed           |    89 |   208 ||   297
         Punch             |     1 |     4 ||     5
         Kick              |     8 |    45 ||    53
         Headbutt          |     1 |    28 ||    29
   Cast: Beastly Appendage |     8 |    28 ||    36
    Use: Potion            |       |     2 ||     2
   Stab: Sleeping          |     3 |       ||     3
 Armour: Robe              |    19 |    50 ||    69
         Skin              |       |     4 ||     4
  Dodge: Dodged            |    39 |   124 ||   163
